TOP OF THE 1ST |
Weslaco Chiefs batting - Pitching for Yellowknife Claws : RHP Mario Díaz
|
Pitching: RHP Mario Díaz
|
|
Batting: LHB Alberto Varela
|
0-0: Called Strike 0-1: Fly out, F9 (Flyball, 9M)
|
Batting: RHB Germán Romero
|
0-0: Ground out 5-3 (Groundball, 5S)
|
Batting: LHB Ralph Cobb
|
0-0: Called Strike 0-1: Swinging Strike 0-2: Ball 1-2: Ball 2-2: Foul Ball, location: 2F 2-2: Fly out, F8 (Flyball, 8RS)
|
Top of the 1st over - 0 run(s), 0 hit(s), 0 error(s), 0 left on base; Weslaco 0 - Yellowknife 0 |
BOTTOM OF THE 1ST |
Yellowknife Claws batting - Pitching for Weslaco Chiefs : RHP Matt Sullivan
|
Pitching: RHP Matt Sullivan
|
|
Batting: SHB José Castillo
|
0-0: Bunt for hit - play at first, batter safe!
|
Batting: RHB Scotty Hicks
|
0-0: Called Strike 0-1: Foul Ball, location: 2F 0-2: Strikes out swinging
|
Batting: LHB Carter Sweet
|
Pickoff Throw to First - Error! E1 José Castillo to second 0-0: Called Strike 0-1: Called Strike 0-2: Ball 1-2: 2-RUN HOME RUN (Flyball, 8RXD), Distance : 442 ft
|
Batting: SHB Héctor Padilla
|
0-0: Ball 1-0: Ground out U3 (Groundball, 3)
|
Batting: LHB Howard White
|
0-0: SOLO HOME RUN (Flyball, 9D), Distance : 388 ft
|
Batting: LHB Juan Lima
|
0-0: Called Strike 0-1: Ball 1-1: Ball 2-1: Foul Ball, location: 2F 2-2: Ball 3-2: Foul Ball, location: 2F 3-2: Fly out, F9 (Flyball, 9M)
|
Bottom of the 1st over - 3 run(s), 3 hit(s), 1 error(s), 0 left on base; Weslaco 0 - Yellowknife 3 |
TOP OF THE 2ND |
Weslaco Chiefs batting - Pitching for Yellowknife Claws : RHP Mario Díaz
|
Batting: RHB António Martínez
|
0-0: Ball 1-0: Called Strike 1-1: Called Strike 1-2: Reached on Error, E7 (Flyball, 7M)
|
Batting: RHB Jorge Longoria
|
0-0: Ball 1-0: Ball 2-0: Called Strike 2-1: Ball 3-1: Base on Balls António Martínez to second
|
Batting: RHB Rob Byrd
|
0-0: Swinging Strike 0-1: Called Strike 0-2: Strikes out looking
|
Batting: RHB Toshiki Kokawa
|
0-0: Called Strike 0-1: Foul Ball, location: 2F 0-2: Ball 1-2: Strikes out swinging
|
Batting: RHB Carlos Miranda
|
0-0: Ball 1-0: Ball 2-0: Ball 3-0: Base on Balls António Martínez to third Jorge Longoria to second
|
Batting: RHB Ron Newcombe
|
0-0: Ball 1-0: Foul Ball, location: 2F 1-1: Fly out, F8 (Line Drive, 8RM)
|
Top of the 2nd over - 0 run(s), 0 hit(s), 1 error(s), 3 left on base; Weslaco 0 - Yellowknife 3 |
BOTTOM OF THE 2ND |
Yellowknife Claws batting - Pitching for Weslaco Chiefs : RHP Matt Sullivan
|
Batting: RHB Charlie Pérez
|
0-0: Fly out, F7 (Flyball, 7M)
|
Batting: RHB Carlos Uribe
|
0-0: Called Strike 0-1: Ground out 5-3 (Groundball, 5S)
|
Batting: RHB Fernando Álvarez
|
0-0: Ball 1-0: Ball 2-0: Called Strike 2-1: Called Strike 2-2: Ball 3-2: Strikes out swinging
|
Bottom of the 2nd over - 0 run(s), 0 hit(s), 0 error(s), 0 left on base; Weslaco 0 - Yellowknife 3 |
TOP OF THE 3RD |
Weslaco Chiefs batting - Pitching for Yellowknife Claws : RHP Mario Díaz
|
Batting: LHB Alberto Varela
|
0-0: Ball 1-0: Foul Ball, location: 2F 1-1: DOUBLE (Line Drive, 8LM)
|
Batting: RHB Germán Romero
|
0-0: Ground out 5-3 (Groundball, 56S) Alberto Varela to third
|
Batting: LHB Ralph Cobb
|
0-0: Ball 1-0: Called Strike 1-1: Ball 2-1: Ball 3-1: DOUBLE (Flyball, 78D) Alberto Varela scores
|
Batting: RHB António Martínez
|
0-0: Foul Ball, location: 2F 0-1: Swinging Strike 0-2: Ball 1-2: Strikes out swinging
|
Batting: RHB Jorge Longoria
|
0-0: Ball 1-0: Ball 2-0: Ball 3-0: Base on Balls
|
Batting: RHB Rob Byrd
|
0-0: Called Strike 0-1: Ball 1-1: Swinging Strike 1-2: Fly out, F5 (Popup, 15S)
|
Top of the 3rd over - 1 run(s), 2 hit(s), 0 error(s), 2 left on base; Weslaco 1 - Yellowknife 3 |
BOTTOM OF THE 3RD |
Yellowknife Claws batting - Pitching for Weslaco Chiefs : RHP Matt Sullivan
|
Batting: SHB José Castillo
|
0-0: Ball 1-0: Called Strike 1-1: Ball 2-1: Bunted foul 2-2: Fly out, F9 (Flyball, 9LS)
|
Batting: RHB Scotty Hicks
|
0-0: Foul Ball, location: 2F 0-1: Ball 1-1: Foul Ball, location: 2F 1-2: Strikes out looking
|
Batting: LHB Carter Sweet
|
0-0: Ball 1-0: DOUBLE (Line Drive, 9LM)
|
Batting: SHB Héctor Padilla
|
0-0: Fly out, F9 (Flyball, 9LD)
|
Bottom of the 3rd over - 0 run(s), 1 hit(s), 0 error(s), 1 left on base; Weslaco 1 - Yellowknife 3 |
TOP OF THE 4TH |
Weslaco Chiefs batting - Pitching for Yellowknife Claws : RHP Mario Díaz
|
Batting: RHB Toshiki Kokawa
|
0-0: Ball 1-0: Swinging Strike 1-1: Foul Ball, location: 2F 1-2: Strikes out swinging, 2-3 out at first.
|
Batting: RHB Carlos Miranda
|
0-0: Ball 1-0: Ball 2-0: Ball 3-0: Base on Balls
|
Batting: RHB Ron Newcombe
|
0-0: Called Strike 0-1: Grounds into double play, U6-3 (Groundball, 6M)
|
Top of the 4th over - 0 run(s), 0 hit(s), 0 error(s), 0 left on base; Weslaco 1 - Yellowknife 3 |
BOTTOM OF THE 4TH |
Yellowknife Claws batting - Pitching for Weslaco Chiefs : RHP Matt Sullivan
|
Batting: LHB Howard White
|
0-0: Hit by Pitch
|
Batting: LHB Juan Lima
|
0-0: Fly out, F9 (Flyball, 89M)
|
Batting: RHB Charlie Pérez
|
0-0: Ball 1-0: SINGLE (Flyball, 7LS) Howard White to second
|
Batting: RHB Carlos Uribe
|
0-0: Ball 1-0: Called Strike 1-1: Foul Ball, location: 2F 1-2: Strikes out swinging
|
Batting: RHB Fernando Álvarez
|
0-0: Called Strike 0-1: Foul Ball, location: 2F 0-2: Foul Ball, location: 2F 0-2: Ground out 1-3 (Groundball, 13)
|
Bottom of the 4th over - 0 run(s), 1 hit(s), 0 error(s), 2 left on base; Weslaco 1 - Yellowknife 3 |
TOP OF THE 5TH |
Weslaco Chiefs batting - Pitching for Yellowknife Claws : RHP Mario Díaz
|
Batting: LHB Alberto Varela
|
0-0: Ball 1-0: Ball 2-0: Ball 3-0: Called Strike 3-1: Base on Balls
|
Batting: RHB Germán Romero
|
0-0: Ball Alberto Varela is caught stealing 2nd base 1-0: Ball 2-0: Called Strike 2-1: Fly out, F2 (Popup, 2RF)
|
Batting: LHB Ralph Cobb
|
0-0: Swinging Strike 0-1: Ball 1-1: Called Strike 1-2: Ball 2-2: Strikes out swinging
|
Top of the 5th over - 0 run(s), 0 hit(s), 0 error(s), 0 left on base; Weslaco 1 - Yellowknife 3 |
BOTTOM OF THE 5TH |
Yellowknife Claws batting - Pitching for Weslaco Chiefs : RHP Matt Sullivan
|
Batting: SHB José Castillo
|
0-0: Called Strike 0-1: SINGLE (Line Drive, 34D)
|
Batting: RHB Scotty Hicks
|
0-0: Ball 1-0: Ball 2-0: Called Strike 2-1: Called Strike 2-2: Ball 3-2: Ground out 6-3 (Groundball, 6) José Castillo to second
|
Batting: LHB Carter Sweet
|
0-0: Called Strike 0-1: Ball 1-1: Ball 2-1: Ground out U3 (Groundball, 3S) José Castillo to third
|
Batting: SHB Héctor Padilla
|
0-0: Ball 1-0: Ball 2-0: Ball 3-0: Base on Balls
|
Batting: LHB Howard White
|
0-0: Called Strike 0-1: Fly out, F6 (Popup, 5D)
|
Bottom of the 5th over - 0 run(s), 1 hit(s), 0 error(s), 2 left on base; Weslaco 1 - Yellowknife 3 |
TOP OF THE 6TH |
Weslaco Chiefs batting - Pitching for Yellowknife Claws : RHP Mario Díaz
|
Batting: RHB António Martínez
|
0-0: Called Strike 0-1: SOLO HOME RUN (Flyball, 78XD), Distance : 417 ft
|
Batting: RHB Jorge Longoria
|
0-0: Ball 1-0: Ball 2-0: Called Strike 2-1: Ball 3-1: Swinging Strike 3-2: Foul Ball, location: 2F 3-2: Ground out 1-3 (Groundball, 13S)
|
Batting: RHB Rob Byrd
|
0-0: Called Strike 0-1: Foul Ball, location: 2F 0-2: Ball 1-2: Ball 2-2: Strikes out swinging
|
Batting: RHB Toshiki Kokawa
|
0-0: Swinging Strike 0-1: Ball 1-1: Foul Ball, location: 2F 1-2: Strikes out swinging
|
Top of the 6th over - 1 run(s), 1 hit(s), 0 error(s), 0 left on base; Weslaco 2 - Yellowknife 3 |
BOTTOM OF THE 6TH |
Yellowknife Claws batting - Pitching for Weslaco Chiefs : RHP Matt Sullivan
|
Batting: LHB Juan Lima
|
0-0: Called Strike 0-1: Foul Ball, location: 2F 0-2: Ball 1-2: Strikes out swinging
|
Batting: RHB Charlie Pérez
|
0-0: Called Strike 0-1: Ball 1-1: Ball 2-1: Foul Ball, location: 2F 2-2: Strikes out swinging
|
Batting: RHB Carlos Uribe
|
0-0: Ball 1-0: Swinging Strike 1-1: Foul Ball, location: 2F 1-2: Ball 2-2: Ball 3-2: Strikes out swinging
|
Bottom of the 6th over - 0 run(s), 0 hit(s), 0 error(s), 0 left on base; Weslaco 2 - Yellowknife 3 |
TOP OF THE 7TH |
Weslaco Chiefs batting - Pitching for Yellowknife Claws : RHP Mario Díaz
|
Batting: RHB Carlos Miranda
|
0-0: Ball 1-0: Swinging Strike 1-1: Swinging Strike 1-2: Foul Ball, location: 2F 1-2: Strikes out swinging
|
Batting: RHB Ron Newcombe
|
0-0: Ball 1-0: Foul Ball, location: 2F 1-1: Ball 2-1: Called Strike 2-2: Strikes out swinging
|
Batting: LHB Alberto Varela
|
0-0: Ground out 5-3 (Groundball, 56)
|
Top of the 7th over - 0 run(s), 0 hit(s), 0 error(s), 0 left on base; Weslaco 2 - Yellowknife 3 |
BOTTOM OF THE 7TH |
Yellowknife Claws batting - Pitching for Weslaco Chiefs : RHP Matt Sullivan
|
Pitching: LHP Michael Manning
|
|
Batting: RHB Fernando Álvarez
|
0-0: Ground out 1-3 (Groundball, 3S)
|
Batting: SHB José Castillo
|
0-0: Ball 1-0: Called Strike 1-1: Ground out 4-3 (Groundball, 4)
|
Batting: RHB Scotty Hicks
|
0-0: Ball 1-0: Called Strike 1-1: Ball 2-1: Ball 3-1: Base on Balls
|
Batting: LHB Carter Sweet
|
0-0: Ball 1-0: Ball 2-0: Called Strike 2-1: Fly out, F9 (Flyball, 9M)
|
Bottom of the 7th over - 0 run(s), 0 hit(s), 0 error(s), 1 left on base; Weslaco 2 - Yellowknife 3 |
TOP OF THE 8TH |
Weslaco Chiefs batting - Pitching for Yellowknife Claws : RHP Mario Díaz
|
Batting: RHB Germán Romero
|
0-0: Ball 1-0: Ball 2-0: Fly out, F9 (Flyball, 9M)
|
Batting: LHB Ralph Cobb
|
0-0: Ground out 2-3 (Groundball, 2L)
|
Batting: RHB António Martínez
|
0-0: Ball 1-0: Ball 2-0: Ground out 6-3 (Groundball, 6)
|
Top of the 8th over - 0 run(s), 0 hit(s), 0 error(s), 0 left on base; Weslaco 2 - Yellowknife 3 |
BOTTOM OF THE 8TH |
Yellowknife Claws batting - Pitching for Weslaco Chiefs : LHP Michael Manning
|
Batting: SHB Héctor Padilla
|
0-0: SINGLE (Groundball, 4)
|
Batting: LHB Howard White
|
0-0: Ball 1-0: Fly out, F8 (Popup, 6MD)
|
Batting: LHB Juan Lima
|
0-0: Called Strike 0-1: Ball 1-1: Ball Héctor Padilla steals 2nd base
|
Pinch Runner at 2nd Cris Lugo:
|
2-1: Intentional Walk
|
Batting: RHB Charlie Pérez
|
0-0: Ball 1-0: Swinging Strike 1-1: Ball 2-1: Fielders Choice at 2nd, 6-4 (Groundball, 6) Cris Lugo to third
|
Batting: RHB Carlos Uribe
|
0-0: Ball 1-0: Ball 2-0: Ball 3-0: Base on Balls Charlie Pérez to second
|
Batting: RHB Fernando Álvarez
|
0-0: Swinging Strike 0-1: Ball 1-1: Ball 2-1: Ground out 4-3 (Groundball, 4)
|
Bottom of the 8th over - 0 run(s), 1 hit(s), 0 error(s), 3 left on base; Weslaco 2 - Yellowknife 3 |
TOP OF THE 9TH |
Weslaco Chiefs batting - Pitching for Yellowknife Claws : RHP Mario Díaz
|
Now at SS: Cris Lugo
|
|
Pinch Hitting: LHB Javier Mejía
|
0-0: SINGLE (Groundball, 34D)
|
Batting: RHB Rob Byrd
|
0-0: Ball 1-0: Called Strike 1-1: Foul Ball, location: 2F 1-2: 2-RUN HOME RUN (Flyball, 7LD), Distance : 363 ft
|
Pitching: RHP Bob Bishop
|
|
Batting: RHB Toshiki Kokawa
|
0-0: Fly out, F9 (Flyball, 9S)
|
Batting: RHB Carlos Miranda
|
0-0: Ball 1-0: Fly out, F8 (Flyball, 8RM)
|
Batting: RHB Ron Newcombe
|
0-0: Ball 1-0: Hit by Pitch
|
Batting: LHB Alberto Varela
|
0-0: Called Strike Ron Newcombe steals 2nd base 0-1: Ground out 5-3 (Groundball, 56S)
|
Top of the 9th over - 2 run(s), 2 hit(s), 0 error(s), 1 left on base; Weslaco 4 - Yellowknife 3 |
BOTTOM OF THE 9TH |
Yellowknife Claws batting - Pitching for Weslaco Chiefs : LHP Michael Manning
|
Now at 2B: Bartolo Chono
|
|
Now in CF: Javier Mejía
|
|
Batting: SHB José Castillo
|
0-0: Swinging Strike 0-1: Ball 1-1: Ground out 1-3 (Groundball, 15)
|
Batting: RHB Scotty Hicks
|
0-0: Foul Ball, location: 2F 0-1: Fly out, F7 (Flyball, 78M)
|
Batting: LHB Carter Sweet
|
0-0: Ball 1-0: Ball 2-0: Called Strike 2-1: Foul Ball, location: 2F 2-2: Foul Ball, location: 2F 2-2: Fly out, F7 (Popup, 7S)
|
Bottom of the 9th over - 0 run(s), 0 hit(s), 0 error(s), 0 left on base; Weslaco 4 - Yellowknife 3 |
|